 Dungeon Crawl Stone Soup version 0.18.1-8-gdd0e5ea (webtiles) character file.

186 Jojapa the Magician (level 5, -5/28 HPs)
             Began as a Deep Elf Wizard on June 6, 2016.
             Slain by a crimson imp
             ... wielding a +0 dagger of chaos
              (20 damage)
             ... on level 3 of the Dungeon.
             The game lasted 00:05:29 (3361 turns).

Jojapa the Magician (Deep Elf Wizard)               Turns: 3361, Time: 00:05:30

Health: -5/28      AC:  3    Str:  9    XL:     5   Next: 38%
Magic:  1/15       EV: 12    Int: 24    God:
Gold:   139        SH:  0    Dex: 13    Spells: 5 memorised, 5 levels left

rFire  . . .     SeeInvis .     (no weapon)
rCold  . . .     Gourm    .     a - +0 robe
rNeg   . . .     Faith    .     (no shield)
rPois  .         Spirit   .     b - +0 hat
rElec  .         Dismiss  .     (no cloak)
rCorr  .         Reflect  .     (no gloves)
SustAt .         Harm     .     (no boots)
MR     .....                    (no amulet)
Stlth  ++........               (no ring)
                                e - +5 ring of strength

@: lethally poisoned (-5 -> -10), slowed, very slow, not resistant to hostile
enchantments, unstealthy
A: antennae 1, rugged brown scales 1, wild magic 1
a: no special abilities


You were on level 3 of the Dungeon.
You were hungry.

You visited 1 branch of the dungeon, and saw 3 of its levels.

You collected 139 gold pieces.

Inventory:

Armour
 a - a +0 robe (worn)
 b - a +0 hat (worn)
Jewellery
 e - a +5 ring of strength (left hand)
Wands
 f - a wand of disintegration (8/24)
Scrolls
 h - a scroll of identify {unknown}
 o - a scroll of remove curse {unknown}
 q - a scroll of magic mapping {unknown}
Potions
 g - a potion of curing
 i - a potion of haste {unknown}
 j - a potion of ambrosia {unknown}
 k - a potion of mutation
 n - a potion of degeneration {unknown}
 p - a potion of agility {unknown}
Books
 c - a book of Minor Magic

   Spells                             Type                      Level
   a - Magic Dart                     Conjuration                  1
   b - Blink                          Translocation                2
   c - Call Imp                       Summoning                    2
   d - Repel Missiles                 Charms/Air                   2
   e - Slow                           Hexes                        2
   f - Conjure Flame                  Conjuration/Fire             3
   g - Mephitic Cloud                 Conjuration/Poison/Air       3
Comestibles
 d - 2 bread rations
 m - a meat ration


   Skills:
 - Level 2.4 Dodging
 - Level 2.4 Stealth
 + Level 6.4 Spellcasting
 + Level 4.3 Conjurations
   Level 1.1 Summonings
 - Level 1.1 Translocations


You had 5 spell levels left.
You knew the following spells:

 Your Spells              Type           Power        Failure   Level  Hunger
a - Magic Dart            Conj           ####         2%          1    None
b - Blink                 Tloc           N/A          14%         2    None
c - Repel Missiles        Chrm/Air       ##....       17%         2    None
d - Mephitic Cloud        Conj/Pois/Air  ###.....     21%         3    None
e - Conjure Flame         Conj/Fire      ###.....     17%         3    None


Dungeon Overview and Level Annotations

Branches:
Dungeon (3/15)

Altars:
Fedhas
Xom


Innate Abilities, Weirdness & Mutations

You have a pair of small antennae on your head.
You are partially covered in rugged brown scales (AC +1, +3% HP).
Your spells are a little harder to cast, but a little more powerful.


Message History

Casting: Magic Dart
Confirm with . or Enter, or press ? or * to list all spells.
You don't have enough magic to cast that spell.
Casting: Magic Dart
Confirm with . or Enter, or press ? or * to list all spells.
You don't have enough magic to cast that spell.
You hit the crimson imp but do no damage.
The crimson imp is severely wounded.
You feel sick. The crimson imp barely misses you.
You closely miss the crimson imp.
The crimson imp is severely wounded.
The crimson imp laughs crazily.
The crimson imp hits you with a dagger of chaos.
You feel yourself slow down.
You feel sick.
You feel sick.
The crimson imp hits you but does no damage.
You are electrocuted!
Ouch! That really hurt!
You die...

.. ###...# .........# ##########
###.## #.#.#.###........### # #.#
#.#.#.##..5........# # #.#
#.#.#.##.@######.#.# # #.#
#.#........# #.#.# ###.#
#.#........# #.#.#######
....####.#.###5...#####.#........
......##.#.# #.............#####.
####..(.#..###.....####.#.## #
#..##.#.........# #.#.# #
#..##.##........# #.#.######. #
#..##.........#.# #.#.ยง......


You could see 2 crimson imps.

Vanquished Creatures
  2 crimson imps (D:3)
  Robin (D:3)
  2 adders (D:2)
  An ooze (D:1)
  3 worms (D:2)
  3 dart slugs
  3 giant geckos
  An orc (D:3)
  2 giant cockroaches
  11 hobgoblins
  A quokka (D:3)
  A ball python (D:2)
  7 bats
  2 giant newts (D:1)
  12 goblins
  6 kobolds
  12 rats
70 creatures vanquished.

Notes
Turn   | Place    | Note
--------------------------------------------------------------
     0 | D:1      | Jojapa the Deep Elf Wizard began the quest for the Orb.
     0 | D:1      | Reached XP level 1. HP: 10/10 MP: 7/7
   309 | D:1      | Reached XP level 2. HP: 15/15 MP: 6/9
   743 | D:1      | Reached skill level 5 in Spellcasting
  1227 | D:2      | Reached XP level 3. HP: 12/19 MP: 5/11
  1729 | D:2      | Reached XP level 4. HP: 24/24 MP: 9/13
  2141 | D:3      | Noticed Robin
  2384 | D:3      | Found a blossoming altar of Fedhas.
  2394 | D:3      | Noticed Terence
  2504 | D:2      | Learned a level 2 spell: Blink
  2507 | D:2      | Learned a level 2 spell: Repel Missiles
  2511 | D:2      | Learned a level 3 spell: Mephitic Cloud
  2515 | D:2      | Learned a level 3 spell: Conjure Flame
  2599 | D:3      | Killed Robin
  2599 | D:3      | Reached skill level 6 in Spellcasting
  2767 | D:3      | Noticed an ice beast
  3260 | D:3      | Found a shimmering altar of Xom.
  3266 | D:3      | Reached XP level 5. HP: 28/28 MP: 9/15
  3303 | D:3      | Gained mutation: You have a pair of small antennae on your head. [potion of mutation]
  3303 | D:3      | Gained mutation: Your spells are a little harder to cast, but a little more powerful. [potion of mutation]
  3303 | D:3      | Gained mutation: You are partially covered in rugged brown scales (AC +1, +3% HP). [potion of mutation]
  3361 | D:3      | Slain by a crimson imp

Skill      XL: |  1  2  3  4 |
---------------+-------------+-----
Spellcasting   | 5 6 |  6.4
Conjurations   | 2 3 4 |  4.3
Dodging        | |  2.4
Stealth        | |  2.4
Summonings     | |  1.1
Translocations | |  1.1

Action                   |  1- 3 |  4- 6 || total
-------------------------+-------+-------++-------
Melee: Unarmed           |       |     2 ||     2
 Cast: Magic Dart        |    82 |    94 ||   176
       Blink             |       |     3 ||     3
       Conjure Flame     |       |     1 ||     1
  Use: Potion            |       |     2 ||     2
  Eat: Chunk             |     2 |     3 ||     5
       Pizza             |       |     1 ||     1
Armor: Robe              |     1 |     1 ||     2
Dodge: Dodged            |     3 |    11 ||    14
